 Dungeon Crawl Stone Soup version 0.21-a0-358-g8928369 (webtiles) character file.

55 CanOfBees the Conjurer (level 3, -1/28 HPs)
             Began as a Draconian Conjurer on Oct 12, 2017.
             Slain by a worm (7 damage)
             ... on level 2 of the Dungeon.
             The game lasted 00:02:46 (1743 turns).

CanOfBees the Conjurer (Draconian Conjurer)         Turns: 1743, Time: 00:02:46

Health: -1/28      AC:  5    Str: 10    XL:     3   Next: 67%
Magic:  0/7        EV: 12    Int: 16    God:
Gold:   53         SH:  0    Dex: 11    Spells: 5/8 levels left

rFire    . . .     SeeInvis .   e - +0 dagger
rCold    . . .     Gourm    .   (no shield)
rNeg     . . .     Faith    .   (armour unavailable)
rPois    .         Spirit   .   (helmet restricted)
rElec    .         Reflect  .   (no cloak)
rCorr    .         Harm     .   (no gloves)
MR       +....                  (no boots)
Stlth    ++........             (no amulet)
HPRegen  0.09/turn              k - ring of protection from magic
MPRegen  0.10/turn              (no ring)

@: no status effects
A: unfitting armour, cold-blooded, AC +5
a: no special abilities


You were on level 2 of the Dungeon.
You were not hungry.

You visited 1 branch of the dungeon, and saw 2 of its levels.

You collected 53 gold pieces.

Inventory:

Hand Weapons
 e - a +0 dagger (weapon)
Jewellery
 k - a ring of protection from magic (left hand)
Scrolls
 f - a scroll of teleportation {unknown}
 g - 4 scrolls of identify {unknown}
 h - a scroll of blinking {unknown}
 l - a scroll of remove curse {unknown}
Potions
 d - a potion of brilliance {unknown}
 m - a potion of flight {unknown}
Books
 a - a book of Conjurations

   Spells                             Type                      Level
   a - Magic Dart                     Conjuration                  1
   b - Searing Ray                    Conjuration                  2
   c - Dazzling Spray                 Conjuration/Hexes            3
   d - Fulminant Prism                Conjuration/Hexes            4
   e - Force Lance                    Conjuration/Translocation    4
   f - Iskenderun's Mystic Blast      Conjuration                  4
Comestibles
 b - 2 bread rations
 c - 3 fruits
 i - a meat ration
 j - 2 chunks of flesh


   Skills:
 + Level 1.2 Fighting
 - Level 1.7 Dodging
 - Level 1.7 Stealth
 * Level 3.1 Spellcasting
 + Level 4.4 Conjurations


You had 5 spell levels left.
You knew the following spells:

 Your Spells              Type           Power        Failure   Level  Hunger
a - Magic Dart            Conj           ###.         3%          1    None
b - Searing Ray           Conj           ###...       4%          2    ##.....


Dungeon Overview and Level Annotations

Branches:
Dungeon (2/15)

Altars:
Qazlal


Innate Abilities, Weirdness & Mutations

Your plain brown scales are hard. (AC +5)
You cannot fit into any form of body armour.
You are cold-blooded and may be slowed by cold attacks.


Message History

The magic dart hits the worm.
The worm is moderately wounded.
Casting: Magic Dart
Confirm with . or Enter, or press ? or * to list all spells.
Aiming: Magic Dart
Press: ? - help, Shift-Dir - straight line, f/p - worm
Aim: a worm (moderately wounded)
The magic dart hits the worm.
The worm is severely wounded.
Casting: Magic Dart
Confirm with . or Enter, or press ? or * to list all spells.
Aiming: Magic Dart
Press: ? - help, Shift-Dir - straight line, f/p - worm
Aim: a worm (severely wounded)
The magic dart hits the worm.
The worm is severely wounded.
You hit the worm but do no damage.
Your tail-slap misses the worm.
The worm is heavily wounded.
The worm bites you!
You die...

...........#+#......###
...........#........#
.....##...###.......##
.....##...# #........######
.....##...###'##'#.........
###...######.....#..........#
#E#...#E#........#..........#
###...###.......w#..........
..
................@#...##...#
...
...._.........#).#...##...#
...
..............#..#...##...#
...
###...###.................##
..
#E#...#E#..................#
#
###...###..................#
#.#
.....##.........>..........#
#.#
.....##..........######....#
#.# ##############....
#....####'#


You could see a worm.

Vanquished Creatures
  An adder (D:2)
  An ooze (D:1)
  2 dart slugs
  2 leopard geckos
  A ball python (D:1)
  6 bats
  4 goblins
  3 hobgoblins (D:2)
  3 jackals (D:1)
  3 kobolds (D:1)
  A quokka (D:2)
  5 frilled lizards
  2 rats (D:2)
34 creatures vanquished.

Vanquished Creatures (others)
  5 toadstools (D:1)
5 creatures vanquished.

Grand Total: 39 creatures vanquished

Notes
Turn   | Place    | Note
-------+----------+-------------------------------------------
     0 | D:1      | CanOfBees the Draconian Conjurer began the quest for the Orb.
     0 | D:1      | Reached XP level 1. HP: 14/14 MP: 3/3
   229 | D:1      | Reached XP level 2. HP: 14/20 MP: 1/5
   830 | D:1      | Learned a level 2 spell: Searing Ray
  1052 | D:1      | Reached XP level 3. HP: 27/27 MP: 7/7
  1445 | D:2      | Reached skill level 1 in Fighting
  1476 | D:2      | Found a stormy altar of Qazlal.
  1487 | D:2      | Noticed an air elemental
  1487 | D:2      | Noticed an earth elemental
  1488 | D:2      | Noticed a water elemental
  1488 | D:2      | Noticed a fire elemental
  1743 | D:2      | Slain by a worm

Vault maps used:
D:1:      ldierk_walled_garden, minmay_fountain_box, roderic_roman_lattice,
          minmay_box_of_dots
D:2:      nicolae_ru_awakened_eye, nicolae_qazlal_style_of_elements, first_bread

Skill      XL: |  1  2  3 |
---------------+----------+-----
Fighting       | 1 |  1.2
Spellcasting   | 3 |  3.1
Dodging        | |  1.7
Stealth        | |  1.7
Conjurations   | |  4.4

Action                   || total
-------------------------++-------
Melee: Unarmed           ||    29
       Tailslap          ||     9
       Dagger            ||    65
 Cast: Magic Dart        ||    38
 Stab: Sleeping          ||     3
  Eat: Chunk             ||     3
Armor: Skin              ||    30
Dodge: Dodged            ||    49

Table legend:
 A = Spawn XP
 B = Non-spawn XP
 C = Spawn XP percentage of total XP
 D = Spawn monster count
 E = Non-spawn monster count
 F = Spawn count percentage of total count
 G = Total turns spent on level
                    A         B        C        D         E        F      G
               +---------+---------+-------+---------+---------+-------+---------
         Total |       0 |      79 |   0.0 |       0 |      34 |   0.0 |  1743
               +---------+---------+-------+---------+---------+-------+---------
           D:1 |       0 |      42 |   0.0 |       0 |      21 |   0.0 |  1215
           D:2 |       0 |      37 |   0.0 |       0 |      13 |   0.0 |   528
               +---------+---------+-------+---------+---------+-------+---------
